AoeStats
← MAOC DSW

Arena

510416059Analyzed
2v2 RM · 1d ago on Sep 30, 2026· 48m 18s· 4 players
Game mode
Random Map
Map size
Medium (4 player)
Population
200
Speed
Normal
Resources
Standard
Victory
Conquest
Starting age
Dark Age
Ending age
Imperial Age
RankedLock teamsTeams togetherTeam positionsShared explorationLock speedFull tech treeHidden civsTurbo modeCheats
Victory
Defeat
🇨🇦 Britons · Canada
917
+17
🇨🇦 Khmer · Canada
896
+18
🇩🇴 Sicilians · Dominican Republic
943
-18
🇩🇴 Teutons · Dominican Republic
925
-17
Hatcherm
10:20 Feudal Age
13:52 Castle Age
11:43 Horse Collar
12:51 Double-Bit Axe
14:54 Bow Saw
15:33 Heavy Plow
17:04 Town Watch
17:56 Wheelbarrow
17:16 Loom
18:57 Hand Cart
19:50 Town Watch
20:41 Gold Mining
25:41 Imperial Age
23:21 Stone Mining
25:15 Gold Shaft Mining
25:52 Ballistics
25:46 Fletching
26:08 Forging
26:04 Scale Barding Armor
26:29 Masonry
27:28 Chemistry
26:49 Bloodlines
27:50 Husbandry
27:12 Cavalier
27:48 Fletching
28:16 Town Patrol
27:40 Light Cavalry
29:00 Chain Barding Armor
30:09 Iron Casting
32:18 Blast Furnace
31:13 Capped Ram
34:18 Plate Barding Armor
34:16 Padded Archer Armor
35:29 Stone Shaft Mining
37:02 Leather Archer Armor
36:57 Siege Engineers
40:09 Ring Archer Armor
40:19 Siege Ram
41:50 Masonry
41:36 Murder Holes
41:52 Fortified Wall
44:35 Bodkin Arrow
SwordOfDoom
10:20 Feudal Age
11:39 Double-Bit Axe
15:42 Castle Age
14:46 Horse Collar
19:47 Fletching
21:17 Crossbowman
23:06 Bodkin Arrow
24:03 Wheelbarrow
23:20 Town Watch
23:22 Loom
24:48 Ballistics
24:23 Stone Mining
24:24 Gold Mining
24:48 Bow Saw
25:49 Hand Cart
25:42 Padded Archer Armor
26:19 Town Patrol
27:51 Gold Mining
30:06 Gold Shaft Mining
31:04 Yeomen
34:26 Imperial Age
31:21 Elite Skirmisher
33:26 Leather Archer Armor
33:23 Forging
34:33 Elite Longbowman
35:34 Conscription
37:13 Arbalester
38:06 Warwolf
38:09 Man-at-Arms
38:35 Gambesons
38:50 Squires
38:36 Arson
39:49 Hoardings
38:43 Long Swordsman
40:19 Two-Handed Swordsman
41:16 Capped Ram
41:34 Champion
42:19 Bracer
42:55 Iron Casting
42:51 Ring Archer Armor
43:54 Two-Man Saw
42:56 Heavy Plow
44:04 Sappers
46:16 Blast Furnace
45:17 Scale Mail Armor
47:55 Sanctity
47:49 Fervor
MAOC DSW
4:01 Loom
11:30 Feudal Age
12:15 Double-Bit Axe
13:42 Horse Collar
18:53 Castle Age
21:00 Forging
20:51 Scale Mail Armor
21:38 Stone Mining
24:00 Bloodlines
25:18 Wheelbarrow
24:54 Caravan
27:39 Iron Casting
27:20 Chain Mail Armor
28:21 Gold Mining
29:07 Stone Shaft Mining
29:02 Hand Cart
29:13 Heavy Plow
29:42 Bow Saw
29:32 Pikeman
31:40 Squires
32:15 Ironclad
35:48 Imperial Age
33:53 Scale Barding Armor
34:50 Fletching
35:01 Padded Archer Armor
34:50 Arson
36:41 Chain Barding Armor
37:31 Halberdier
38:16 Town Watch
39:14 Conscription
41:31 Blast Furnace
42:42 Elite Skirmisher
43:42 Elite Skirmisher
45:24 Bodkin Arrow
45:45 Leather Archer Armor
46:00 Plate Mail Armor
luismuli
9:07 Loom
11:42 Feudal Age
12:15 Horse Collar
13:09 Double-Bit Axe
15:56 Gold Mining
20:43 Castle Age
20:20 Fletching
20:41 Forging
20:36 Scale Barding Armor
20:32 Scale Mail Armor
21:23 Crossbowman
22:24 Husbandry
22:46 Heavy Plow
26:26 Bodkin Arrow
26:44 Squires
29:46 Town Watch
32:04 First Crusade
32:12 Ballistics
31:48 Murder Holes
33:56 Chain Mail Armor
33:47 Elite Skirmisher
38:48 Imperial Age
39:20 Elite Serjeant
41:16 Chemistry
41:54 Conscription
42:40 Onager
43:15 Light Cavalry
43:50 Cavalier
Connection lost

Rejoining the realm…

Still unreachable

The connection could not be restored.

Session expired

The server has moved on; the page needs a fresh start.